 Dungeon Crawl Stone Soup version 0.31-a0-271-gb88eb75e06 (webtiles) character file.

Game seed: 5343443400047465988

7286 Shard1697 the Spear-Bearer (level 10, -3/139 HPs)
             Began as a Pale Draconian Hedge Wizard on July 15, 2023.
             Was a Believer of Makhleb.
             Slain by a vampire (8 damage)
             ... on level 10 of the Dungeon.
             The game lasted 00:17:39 (9737 turns).

Shard1697 the Spear-Bearer (DrHW)                   Turns: 9737, Time: 00:17:40

Health: -3/139     AC: 14    Str: 12    XL:     10   Next: 89%
Magic:  14/15      EV: 13    Int: 18    God:    Makhleb [**....]
Gold:   1335       SH:  0    Dex: 12    Spells: 11/16 levels left

rFire   . . .        s - +4 trident
rCold   + . .        (no shield)
rNeg    . . .        (body armour unavailable)
rPois   .            b - +0 hat
rElec   .            C - +0 cloak
rCorr   .            q - +0 pair of gloves
SInv    .            g - +0 pair of boots
Will    .....        (no amulet) Stlth
                     D - +4 ring of protection
HPRegen 0.43/turn    y - ring of protection from cold
MPRegen 0.14/turn

%: no passive effects
@: berserking, very quick
A: breathe steam, AC +7, unfitting armour, cold-blooded, steam resistance, fangs
1
a: Breathe Steam, Renounce Religion, Minor Destruction


You were on level 10 of the Dungeon.
You worshipped Makhleb.
Makhleb was pleased with you.
You visited 1 branch of the dungeon, and saw 10 of its levels.
You also visited: Bailey.

You collected 1545 gold pieces.
You spent 210 gold pieces at shops.

Inventory:

Hand Weapons
 n - the +5 spear of Gehenna {heavy, rElec rC- rCorr}
   (You found it on level 2 of the Dungeon)

   rC:        It makes you vulnerable to cold.
   rElec:     It insulates you from electricity.
   rCorr:     It protects you from acid and corrosion.
 s - a +4 trident (weapon)
Missiles
 J - 3 throwing nets
Armour
 b - a +0 hat (worn)
 g - a +0 pair of boots (worn)
 q - a +0 pair of gloves (worn)
 C - a +0 cloak (worn)
Magical Staves
 h - a staff of fire
 z - a staff of cold
Jewellery
 y - a ring of protection from cold (right hand)
 A - a ring of positive energy
 D - a +4 ring of protection (left hand)
 F - a ring of ice
 H - a ring of wizardry
Wands
 v - a wand of flame (50)
 w - a wand of polymorph (3)
 x - a wand of mindburst (22)
 E - a wand of iceblast (6)
Scrolls
 e - 3 scrolls of amnesia
 i - 4 scrolls of identify
 j - 2 scrolls of revelation
 k - a scroll of silence
 m - a scroll of fog
 o - 3 scrolls of enchant weapon
 p - 3 scrolls of enchant armour
 r - a scroll of vulnerability
Potions
 c - a potion of magic
 t - a potion of mutation
Miscellaneous
 f - a phial of floods


   Skills:
 - Level 10.0 Fighting
 * Level 10.3 Polearms
 * Level 4.5 Dodging
 - Level 1.7 Stealth
 - Level 3.5 Spellcasting
 - Level 1.0 Conjurations
 - Level 8.2 Summonings
 - Level 1.0 Translocations
 + Level 0.1 Invocations


You had 11 spell levels left.
You knew the following spells:

 Your Spells              Type           Power      Damage    Failure   Level
b - Call Imp              Summ           64%        N/A       1%          2
t - Call Canine Familiar  Summ           32%        N/A       1%          3

Your spell library contained the following spells:

 Spells                   Type           Power      Damage    Failure   Level
 Summon Small Mammal      Summ           100%       N/A       1%          1
 Summon Guardian Golem    Hex/Summ       17%        N/A       9%          3
 Magic Dart               Conj           24%        1d4       11%         1
 Sandblast                Erth           6%         2d5       16%         1
 Slow                     Hex            12%        N/A       16%         1
 Blink                    Tloc           12%        N/A       16%         2
 Cigotuvi's Dreadful Rot  Necr/Pois/Air  6%         N/A       24%         2
 Passwall                 Tmut/Erth      2%         N/A       24%         2
 Stone Arrow              Conj/Erth      8%         3d7       36%         3
 Mephitic Cloud           Conj/Pois/Air  4%         N/A       38%         3
 Animate Dead             Necr           3%         N/A       83%         4
 Borgnjor's Vile Clutch   Necr/Erth      1%         N/A       99%         5
 Death Channel            Necr           1%         N/A       100%        6


Dungeon Overview and Level Annotations

Branches:
Dungeon (10/15)            Temple (0/1) D:7            Lair (0/5) D:9
 Bailey (visited)
    Orc: D:9-12

Altars:
Cheibriados
Hepliaklqana
Kikubaaqudgha
Makhleb
Sif Muna
Uskayaw
Xom
Zin

Shops:
D:8 ?   D:9 [

Annotations:
D:6 2 transporters, reriks's ghost, amateur KoEn


Innate Abilities, Weirdness & Mutations

You can breathe blasts of scalding, opaque steam.
Your pale cyan-grey scales are hard. (AC +7)
You cannot fit into any form of body armour.
You are cold-blooded and may be slowed by cold attacks.
You are immune to the effects of steam.
You have very sharp teeth.


Message History

You hear some strange, mumbled words.
You are confused.
Your hound bites something but does no damage.
Okay, then.
Your hound bites something.
Something hits you. Something bites you but does no damage.
Your hound misses something. Something hits you. Something bites you.
Something draws strength from your injuries!
Your hound barely misses something.
Your hound barely misses something.
Something draws life force from you!
* * * LOW HITPOINT WARNING * * *
Your hound bites something.
Okay, then.
Are you sure you want to stumble around while confused and next to your hound?
You bump into the rock wall.
Your hound bites something but does no damage.
Something hits you.
* * * LOW HITPOINT WARNING * * *
Something bites you.
* * * LOW HITPOINT WARNING * * *
Something draws strength from your injuries!
Are you sure you want to stumble around while confused and next to your hound?
You miss something. Your bite misses something.
Your hound bites something.
Something hits you.
* * * LOW HITPOINT WARNING * * *
Something bites you but does no damage.
Are you sure you want to stumble around while confused and next to your hound?
You bump into the rock wall.
Your hound barely misses something.
Something hits you!
* * * LOW HITPOINT WARNING * * *
Something bites you but does no damage.
Your hound barely misses something.
Are you sure you want to stumble around while confused and next to your hound?
You're too confused to move!
You feel less confused.
Your hound bites something but does no damage.
Something hits you but does no damage. Something barely misses you.
A red film seems to cover your vision as you go berserk!
You feel yourself moving faster!
You feel mighty!
Your hound barely misses something.
Something hits you!
You die...

# .## ...#
#####+######### ...).
#.............#####......
#.............#@{....>...
#.............#h###......
##.............#.# .....
##.............'.# ...y
.#.............### ...
.'.............# ..
##.............# .
#.............#
######+########


You could see a friendly hound (summoned).

Vanquished Creatures
  An orc knight (Bailey)
  A hornet (D:9)
  A troll (D:9)
  Grum (D:8)
  5 yaks (D:8)
  3 steam dragons
  3 orc warriors (Bailey)
  An ice beast (D:5)
  3 ogres
  The ghost of packetloss the Magician, an amateur AtHW (D:3)
  3 wolves (D:8)
  7 centaurs
  A phantom (D:4)
  6 kobold brigands (Bailey)
  6 bullfrogs
  2 gnoll sergeants
  A scorpion (D:5)
  4 wights (D:8)
  16 killer bees
  2 electric eels (D:9)
  2 howler monkeys (D:7)
  4 hounds (D:9)
  A jelly (D:7)
  Crazy Yiuf (D:5)
  A gnoll bouda (D:9)
  A sleepcap (D:6)
  4 iguanas
  10 gnolls
  9 adders
  A shadow imp (D:6)
  2 white imps
  An ufetubus (D:3)
  3 dart slugs
  6 orcs
  7 ball pythons
  6 endoplasms
  2 giant cockroaches
  A goblin (D:3)
  6 hobgoblins
  5 jackals
  8 kobolds
  3 quokkas
  4 bats
  A frilled lizard (D:1)
  5 rats
162 creatures vanquished.

Vanquished Creatures (collateral kills)
  Erica (D:8)
  Sigmund (D:3)
  A water moccasin (D:7)
  A bullfrog (D:8)
  A wight (D:7)
  A hound (D:9)
  Jessica (D:3)
  A worm (D:3)
  An orc (D:3)
  2 ball pythons
11 creatures vanquished.

Grand Total: 173 creatures vanquished

Notes
Turn   | Place    | Note
-------+----------+-------------------------------------------
     0 | D:1      | Shard1697 the Draconian Hedge Wizard began the quest for
                  | the Orb.
     0 | D:1      | Reached XP level 1. HP: 14/14 MP: 4/4
   194 | D:1      | Reached XP level 2. HP: 8/20 MP: 6/6
   249 | D:1      | Learned a level 2 spell: Call Imp
  1439 | D:2      | Reached XP level 3. HP: 26/26 MP: 7/7
  1468 | D:2      | Identified the +5 spear of Gehenna {heavy, rElec rC- rCorr}
  1605 | D:2      | You fall into a shaft and drop 2 floors!
  1762 | D:4      | Noticed an ogre
  1774 | D:4      | Killed an ogre
  1775 | D:4      | Reached XP level 4. HP: 33/33 MP: 4/8
  2174 | D:3      | Reached XP level 5. HP: 39/39 MP: 9/9
  2208 | D:3      | Reached skill level 1 in Fighting
  2208 | D:3      | Reached skill level 1 in Polearms
  2224 | D:3      | Found a runed translucent door.
  2224 | D:3      | Noticed packetloss's ghost (amateur AtHW)
  2280 | D:3      | Killed packetloss's ghost
  2281 | D:3      | Reached XP level 6. HP: 14/51 MP: 3/10
  2415 | D:3      | Found a runed translucent door.
  2432 | D:3      | Noticed Sigmund
  2442 | D:3      | Killed Sigmund
  2756 | D:3      | Noticed Jessica
  2764 | D:3      | Killed Jessica
  2816 | D:4      | Your scales start taking on a pale cyan-grey colour.
  2816 | D:4      | Reached XP level 7. HP: 59/59 MP: 8/11
  2816 | D:4      | Gained mutation: You are immune to the effects of steam.
                  | [Pale Draconian growth]
  2961 | D:4      | Reached skill level 5 in Fighting
  3116 | D:4      | Found a shimmering altar of Xom.
  3141 | D:4      | Found a snail-covered altar of Cheibriados.
  3160 | D:4      | Found an ancient bone altar of Kikubaaqudgha.
  3359 | D:4      | Reached skill level 5 in Polearms
  3777 | D:5      | Entered Level 5 of the Dungeon
  3966 | D:5      | Reached XP level 8. HP: 63/70 MP: 12/12
  4234 | D:5      | Found a runed translucent door.
  4235 | D:5      | Noticed Crazy Yiuf
  4241 | D:5      | Killed Crazy Yiuf
  4288 | D:5      | Found a glowing silver altar of Zin.
  4561 | D:5      | Found a burning altar of Makhleb.
  4572 | D:5      | Became a worshipper of Makhleb the Destroyer
  4635 | D:6      | Found a transporter.
  4647 | D:6      | Identified the +1 spear of the Messenger {venom, Int+4}
  4647 | D:6      | Identified the +0 ring mail of the Unseen Realm {Rampage
                  | Str+3}
  4874 | D:6      | Noticed a +0 short sword
  4888 | D:6      | Found a hide-covered altar of Uskayaw.
  4888 | D:6      | Noticed a +0 spear
  4889 | D:6      | Noticed a +0 short sword
  4890 | D:6      | Noticed a +0 dagger
  4890 | D:6      | Noticed a +0 falchion
  4890 | D:6      | Noticed a +0 spear
  4891 | D:6      | Noticed a +0 dagger
  4892 | D:6      | Noticed a +0 falchion
  5019 | D:6      | Learned a level 3 spell: Call Canine Familiar
  5182 | D:6      | Found a transporter.
  5418 | D:6      | Noticed reriks's ghost (amateur KoEn)
  5542 | D:6      | Gained mutation: You have very sharp teeth. [potion of
                  | mutation]
  5693 | D:7      | Reached skill level 5 in Summonings
  5833 | D:7      | Reached XP level 9. HP: 59/81 MP: 4/13
  5959 | D:7      | Identified the +6 sling of Gaffess {freeze, Drain Will+
                  | Str+6}
  6006 | D:7      | Found a staircase to the Ecumenical Temple.
  6516 | D:8      | Reached * piety under Makhleb
  6520 | D:8      | Found Vubyewk's Magic Scroll Boutique.
  6521 | D:8      | Found a flagged portal.
  6529 | D:8      | Noticed Erica
  6716 | Bailey   | Entered a bailey
  6988 | Bailey   | Noticed an orc knight
  7006 | Bailey   | Killed an orc knight
  7007 | Bailey   | Reached XP level 10. HP: 42/91 MP: 9/14
  7193 | Bailey   | Identified the +0 leather armour of Compression {SInv}
  7236 | Bailey   | Found a burning altar of Makhleb.
  7263 | D:8      | Bought a scroll of revelation for 75 gold pieces
  7263 | D:8      | Bought a scroll of silence for 95 gold pieces
  7263 | D:8      | Bought a scroll of immolation for 40 gold pieces
  7405 | D:8      | Reached skill level 10 in Fighting
  7697 | D:8      | Noticed Grum
  7716 | D:8      | Killed Grum
  7987 | D:8      | Killed Erica
  7987 | D:8      | Reached ** piety under Makhleb
  8100 | D:8      | Found a shimmering blue altar of Sif Muna.
  8373 | D:9      | Found Sothegh's Antique Armour Boutique.
  8598 | D:9      | Identified a scroll of acquirement
  8599 | D:9      | Acquired 1067 gold pieces
  8779 | D:9      | Paralysed by a hornet for 1 turns
  8874 | D:9      | Reached skill level 10 in Polearms
  8983 | D:9      | Found a staircase to the Lair.
  9303 | D:9      | Found a hazy altar of Hepliaklqana.
  9606 | D:10     | Entered Level 10 of the Dungeon
  9735 | D:10     | HP: 3/93 [something (8)]
  9737 | D:10     | Slain by a vampire

Illustrated notes

Levels and vault maps discovered:
D:1:      nzn_arrival_crosshair, layout_basic, moated_statue
D:2:      layout_loops_corners
D:3:      layout_basic, ebering_ghost_sewer_f, uniq_sigmund, uniq_jessica
D:4:      layout_basic, cheibriados_altar_1, mainiacjoe_overflow_big_doors
D:5:      layout_gridville, mainiacjoe_overflow_small_starburst,
          lemuel_crystal_altar, uniq_crazy_yiuf_cottage
D:6:      layout_basic, nicolae_uskayaw_en_pointe,
          gammafunk_ghost_gnarly_gnolls, nicolae_the_louvre
D:7:      layout_cave_pools, temple_pool_b, minmay_circle_x
D:8:      layout_basic, mainiacjoe_overflow_brackets, serial_shops, shop,
          enter_bailey_6, uniq_erica, uniq_grum
D:9:      layout_cave_pods, nzn_hepliaklqana_mist_gate, erik_lair_island,
          serial_shops, shop, kennysheep_minor_cross
D:10:     layout_roguey, okawaru_metal_pillars_1_2, grunt_decor_arrowhead,
          minmay_misc_feat_encased, kb_rosetta

Skill      XL: |  1  2  3  4  5  6  7  8  9 10 |
---------------+-------------------------------+-----
Summonings     | 2 3 4 5 7 8 |  8.2
Fighting       | 3 4 6 7 9 10 | 10.0
Polearms       | 2 3 5 7 8 10 | 10.3
Dodging        | 4 |  4.5
Stealth        | |  1.7
Spellcasting   | |  3.5
Conjurations   | |  1.0
Translocations | |  1.0
Invocations    | |  0.1

Action                     |  1- 3 |  4- 6 |  7- 9 | 10-12 || total
---------------------------+-------+-------+-------+-------++-------
  Melee: Hand axe          |    68 |       |       |       ||    68
         Tailslap          |     5 |    10 |    33 |    25 ||    73
         Spear             |    14 |    76 |   277 |   151 ||   518
         Bite              |       |       |    14 |    27 ||    41
         Punch             |       |       |     6 |     4 ||    10
         Trident           |       |       |       |    43 ||    43
   Cast: Magic Dart        |    13 |       |       |       ||    13
         Call Imp          |     2 |     9 |    15 |     5 ||    31
         Call Canine Famil |       |       |     6 |    12 ||    18
Ability: Breathe Steam     |       |       |       |     2 ||     2
    Use: Potion            |       |     1 |    15 |     2 ||    18
         Scroll            |       |       |    12 |     2 ||    14
   Stab: Sleeping          |     6 |     1 |     1 |       ||     8
         Distracted        |       |       |     3 |       ||     3
 Armour: Skin              |    29 |    29 |   137 |    90 ||   285
  Dodge: Dodged            |    59 |    55 |   205 |   108 ||   427

Table legend: (Time is in decaauts)
 A = Elapsed time spent in this place.
 B = Non-inter-level travel time spent in this place.
 C = Inter-level travel time spent in this place.
 D = Time resting spent in this place.
 E = Time spent auto-exploring this place.
 F = Levels seen in this place.
 G = Mean time per level.
                   A        B        C        D        E       F      G
               +--------+--------+--------+--------+--------+-----+--------+
         Total |   9872 |   9548 |    324 |    978 |   6667 |  11 |  897.5 |
       Dungeon |   9319 |   8995 |    324 |    734 |   6568 |  10 |  931.9 |
        Bailey |    552 |    552 |      0 |    244 |     99 |   1 |  552.0 |
               +--------+--------+--------+--------+--------+-----+--------+

Top non-repeatable levels by time:
     D:8: 1356 daAuts
     D:4: 1232 daAuts
     D:9: 1229 daAuts
     D:1: 1131 daAuts
     D:6: 1033 daAuts
     D:3: 1003 daAuts
     D:7: 874 daAuts
     D:5: 837 daAuts
  Bailey: 552 daAuts
     D:2: 496 daAuts
    D:10: 125 daAuts
